 Dungeon Crawl Stone Soup version 0.30-a0-743-gbfdf073431 (webtiles) character file.

Game seed: 16404734409805590323

722 voltaire321 the Sneak (level 7, -10/45 HPs)
             Began as an Octopode Hedge Wizard on Feb 5, 2023.
             Was an Initiate of Sif Muna.
             Mangled by an ogre
             ... wielding a +0 giant club
              (19 damage)
             ... on level 5 of the Dungeon.
             The game lasted 00:13:11 (5051 turns).

voltaire321 the Sneak (Octopode Hedge Wizard)       Turns: 5051, Time: 00:13:11

Health: -10/45     AC:  2    Str: 10    XL:     7   Next: 71%
Magic:  4/13       EV: 13    Int: 18    God:    Sif Muna [......]
Gold:   154        SH:  0    Dex: 11    Spells: 6/14 levels left

rFire   . . .      SeeInvis .    a - +2 short sword (speed)
rCold   + . .      Faith    .    (no shield)
rNeg    . . .      Spirit   .    b - +1 hat
rPois   .          Reflect  .    (no amulet)
rElec   .          Harm     .    i - ring of protection from cold
rCorr   .          Rampage  .    (no ring)
Will    .....                    (no ring)
Stlth   +++                      (no ring)
HPRegen 0.27/turn                (no ring)
MPRegen 0.13/turn                (no ring)
                                 (no ring)
                                 (no ring)

@: no status effects
A: almost no armour, amphibious, 8 rings, camouflage 1, gelatinous body 1,
(nimble swimmer 1), tentacles
a: Renounce Religion


You were on level 5 of the Dungeon.
You worshipped Sif Muna.
Sif Muna was noncommittal.
You visited 2 branches of the dungeon, and saw 6 of its levels.

You collected 154 gold pieces.

Inventory:

Hand Weapons
 a - a +2 short sword of speed (weapon)
 h - a +1 dagger of draining
 m - a +0 rapier of draining
Missiles
 u - a throwing net
Armour
 b - a +1 hat (worn)
Jewellery
 i - a ring of protection from cold (left tentacle)
Wands
 n - a wand of roots (8)
Potions
 c - a potion of magic
 f - a potion of invisibility
 j - 2 potions of degeneration {unknown}
 k - 2 potions of might
 r - 3 potions of curing
 s - a potion of mutation


   Skills:
 + Level 2.7 Fighting
 + Level 3.6 Dodging
 + Level 4.3 Stealth
 + Level 4.0 Spellcasting
 + Level 3.0 Conjurations
 + Level 3.1 Summonings
 + Level 3.0 Translocations
 + Level 0.6 Air Magic
 + Level 0.9 Poison Magic
 + Level 1.8 Invocations


You had 6 spell levels left.
You knew the following spells:

 Your Spells              Type           Power      Damage    Failure   Level
a - Magic Dart            Conj           56%        1d5       4%          1
b - Call Imp              Summ           14%        N/A       6%          2
c - Blink                 Tloc           28%        N/A       6%          2
d - Mephitic Cloud        Conj/Pois/Air  9%         N/A       24%         3

Your spell library contained the following spells:

 Spells                   Type           Power      Damage    Failure   Level
 Kiss of Death            Conj/Necr      36%        2d8       8%          1
 Slow                     Hex            12%        N/A       14%         1
 Cigotuvi's Dreadful Rot  Necr/Pois/Air  10%        N/A       19%         2
 Confusing Touch          Hex            3%         N/A       41%         3
 Dispel Undead            Necr           3%         3d7       82%         4


Dungeon Overview and Level Annotations

Branches:
Dungeon (5/15)             Temple (1/1) D:4

Altars:
Cheibriados
Dithmenos
Elyvilon
Gozag
Kikubaaqudgha
Makhleb
Okawaru
Qazlal
Ru
Sif Muna
Uskayaw
Vehumet
Wu Jian
Xom
Zin
The Shining One

Shops:
D:3 (   D:5 =


Innate Abilities, Weirdness & Mutations

You cannot wear most types of armour.
You are amphibious.
You can wear up to eight rings at the same time.
Your skin changes colour to match your surroundings (Stealth+).
Your rubbery body absorbs attacks. (AC +1, EV +1)
((You are camouflaged when in or above water. (Stealth+)))
You have tentacles for arms and can constrict up to eight enemies at once.


Message History

The white imp is heavily wounded.
You constrict the white imp. The white imp barely misses you.
You barely miss the white imp. You squeeze the white imp.
You kill the white imp!
Sif Muna accepts your kill.
An ogre comes into view. It is wielding a +0 giant club.
Aiming: Magic Dart (safe; 4% risk of failure)
Press: ? - help, Q - select action, (/) - cycle Shift-Dir - straight line, f - ogre
Aim: an ogre, wielding a +0 giant club (100% to hit)
The magic dart hits the ogre.
The ogre is lightly wounded.
Aiming: Magic Dart (safe; 4% risk of failure)
Press: ? - help, Q - select action, (/) - cycle Shift-Dir - straight line, f/p - ogre
Aim: an ogre, wielding a +0 giant club (lightly wounded, ally target, 100% to hit)
The magic dart hits the ogre.
The ogre is lightly wounded.
Aiming: Magic Dart (safe; 4% risk of failure)
Press: ? - help, Q - select action, (/) - cycle Shift-Dir - straight line, f/p - ogre
Aim: an ogre, wielding a +0 giant club (lightly wounded, ally target, 100% to hit)
The magic dart hits the ogre.
The ogre is lightly wounded.
Your shadow imp hits the ogre.
Aiming: Magic Dart (safe; 4% risk of failure)
Press: ? - help, Q - select action, (/) - cycle Shift-Dir - straight line, f/p - ogre
Aim: an ogre, wielding a +0 giant club (moderately wounded, ally target, 100% to hit)
The magic dart hits the ogre but does no damage.
The ogre is moderately wounded.
You hit the ogre but do no damage.
The ogre is moderately wounded.
The ogre hits you with a +0 giant club!!!
Ouch! That really hurt!
* * * LOW HITPOINT WARNING * * *
You hit the ogre. Your squeeze misses the ogre.
The ogre is heavily wounded.
Your shadow imp barely misses the ogre.
You hit the ogre. Your squeeze misses the ogre.
The ogre is heavily wounded.
Your shadow imp barely misses the ogre.
The ogre hits you with a +0 giant club!!
You die...

####.........# #..........
#.......#.# #..........
#.......#..# #..........
######.......##.####.......... .
#......♣..............######## .
....♣.∩.♣..........#.######## #.
#......♣............#...)....###.
#...................#####........
###########.....@...# #........
#......O5.# #........ #.........#
#######.## #...........
..........
#....................#.
#########...........)##
............## ............##
........##


You could see an ogre (ally target) and a friendly shadow imp (summoned).

Vanquished Creatures
  A water moccasin (D:4)
  A black bear (D:5)
  A scorpion (D:5)
  A howler monkey (D:4)
  2 hounds
  2 jellies
  2 orc priests (D:4)
  An iguana (D:4)
  An orc wizard (D:4)
  4 gnolls
  7 adders
  A white imp (D:5)
  An ufetubus (D:5)
  2 worms
  2 dart slugs
  8 orcs
  4 endoplasms
  A giant cockroach (D:1)
  6 goblins
  5 hobgoblins
  4 jackals (D:4)
  6 kobolds
  4 quokkas
  4 ball pythons
  5 bats
  A frilled lizard (D:1)
  3 rats
80 creatures vanquished.

Notes
Turn   | Place    | Note
-------+----------+-------------------------------------------
     0 | D:1      | voltaire321 the Octopode Hedge Wizard began the quest for
                  | the Orb.
     0 | D:1      | Reached XP level 1. HP: 11/11 MP: 4/4
   422 | D:1      | Reached XP level 2. HP: 14/18 MP: 0/6
   613 | D:1      | Reached XP level 3. HP: 22/22 MP: 5/7
   946 | D:2      | Learned a level 2 spell: Call Imp
   949 | D:2      | Learned a level 2 spell: Blink
  1226 | D:2      | Reached skill level 1 in Fighting
  1634 | D:2      | Reached XP level 4. HP: 28/28 MP: 3/8
  2232 | D:3      | Found a glowing golden altar of the Shining One.
  2296 | D:3      | Found a faded altar of an unknown god.
  2354 | D:3      | Found Dad Anoi's Antique Weapon Boutique.
  2451 | D:3      | Found a white marble altar of Elyvilon.
  2643 | D:4      | Noticed a water moccasin
  2734 | D:4      | Reached XP level 5. HP: 26/33 MP: 7/10
  3224 | D:4      | Found a staircase to the Ecumenical Temple.
  3229 | Temple   | Entered the Ecumenical Temple
  3367 | Temple   | Became a worshipper of Sif Muna the Loreminder
  3498 | D:4      | Reached XP level 6. HP: 29/39 MP: 6/11
  4058 | D:4      | Reached skill level 1 in Invocations
  4127 | D:4      | Killed a water moccasin
  4128 | D:4      | Reached XP level 7. HP: 21/45 MP: 12/12
  4311 | D:5      | Entered Level 5 of the Dungeon
  4351 | D:5      | Found Wuxywot's Jewellery Emporium.
  4874 | D:5      | Learned a level 3 spell: Mephitic Cloud
  5051 | D:5      | Mangled by an ogre

Illustrated notes

Levels and vault maps discovered:
D:1:      eino_arrival_tree_alley, layout_loops_ring
D:2:      layout_loops_corners
D:3:      layout_basic, tso_altar, mainiacjoe_overflow_boulevard,
          hellmonk_ecumenical_altar_crossroads, serial_shops, shop
D:4:      layout_basic, temple_statues, minmay_between
D:5:      layout_basic, serial_shops, nicolae_shop_trees
Temple:   dpeg_chambers_temple

Skill      XL: |  1  2  3  4  5  6  7 |
---------------+----------------------+-----
Fighting       | 1 2 |  2.7
Summonings     | 2 3 |  3.1
Translocations | 2 3 |  3.0
Stealth        | 3 4 |  4.3
Conjurations   | 2 3 |  3.0
Dodging        | 3 |  3.6
Invocations    | 1 |  1.8
Spellcasting   | 4 |  4.0
Air Magic      | |  0.6
Poison Magic   | |  0.9

Action                     |  1- 3 |  4- 6 |  7- 9 || total
---------------------------+-------+-------+-------++-------
  Melee: Dagger            |    36 |    33 |       ||    69
         Constrict         |    12 |    22 |     7 ||    41
         Tentacles         |     9 |    24 |     9 ||    42
         Punch             |     2 |     1 |       ||     3
         Short sword       |       |    71 |    27 ||    98
   Cast: Magic Dart        |    40 |    58 |    21 ||   119
         Call Imp          |       |     1 |     1 ||     2
    Use: Scroll            |       |       |    13 ||    13
   Stab: Sleeping          |     1 |     5 |       ||     6
 Armour: Skin              |     6 |     4 |       ||    10
  Dodge: Dodged            |    22 |    37 |    14 ||    73

Table legend: (Time is in decaauts)
 A = Elapsed time spent in this place.
 B = Non-inter-level travel time spent in this place.
 C = Inter-level travel time spent in this place.
 D = Time resting spent in this place.
 E = Time spent auto-exploring this place.
 F = Levels seen in this place.
 G = Mean time per level.
                   A        B        C        D        E       F      G
               +--------+--------+--------+--------+--------+-----+--------+
         Total |   5014 |   4809 |    205 |    871 |   3105 |   6 |  835.7 |
       Dungeon |   4784 |   4602 |    182 |    871 |   2921 |   5 |  956.8 |
        Temple |    229 |    206 |     23 |      0 |    184 |   1 |  229.0 |
               +--------+--------+--------+--------+--------+-----+--------+

Top non-repeatable levels by time:
     D:4: 1387 daAuts
     D:2: 1141 daAuts
     D:1: 845 daAuts
     D:5: 706 daAuts
     D:3: 704 daAuts
  Temple: 229 daAuts
